 Dungeon Crawl Stone Soup version 0.30-a0-469-g84de5afbc5 (webtiles) character file.

Game seed: 257348248654226588

72 kae the Firebug (level 4, -1/24 HPs)
             Began as a Tengu Fire Elementalist on Dec 19, 2022.
             Slain by an orc
             ... wielding a +0 mace
              (8 damage)
             ... on level 3 of the Dungeon.
             The game lasted 00:01:24 (2160 turns).

kae the Firebug (Tengu Fire Elementalist)           Turns: 2160, Time: 00:01:25

Health: -1/24      AC:  2    Str:  8    XL:     4   Next: 25%
Magic:  6/8        EV: 12    Int: 18    God:
Gold:   65         SH:  0    Dex: 14    Spells: 5/8 levels left

rFire   . . .      SeeInvis .    e - +3 dagger
rCold   . . .      Faith    .    (no shield)
rNeg    . . .      Spirit   .    a - +0 robe
rPois   .          Reflect  .    (helmet restricted)
rElec   .          Harm     .    (no cloak)
rCorr   .          Rampage  .    (no gloves)
Will    .....                    (boots unavailable)
Stlth   ++........               (no amulet)
HPRegen 0.24/turn                (no ring)
MPRegen 0.11/turn                (no ring)

@: no status effects
A: beak, talons 3
a: no special abilities


You were on level 3 of the Dungeon.
You visited 1 branch of the dungeon, and saw 3 of its levels.

You collected 65 gold pieces.


Innate Abilities, Weirdness & Mutations

You have a beak for a mouth.
You have claws for feet.


   Skills:
 - Level 2.1 Dodging
 - Level 2.0 Stealth
 + Level 2.5 Spellcasting
 * Level 3.3 Conjurations
 * Level 4.3 Fire Magic


You had 5 spell levels left.
You knew the following spells:

 Your Spells              Type           Power      Damage    Failure   Level
a - Foxfire               Conj/Fire      64%        2x1d7     3%          1
b - Scorch                Fire           34%        2d6       4%          2

Your spell library contained the following spells:

 Spells                   Type           Power      Damage    Failure   Level
 Inner Flame              Hex/Fire       10%        N/A       22%         3
 Kindle Blastsparks       Fire/Tloc/Air  14%        2d11      28%         3
 Flame Wave               Conj/Fire      16%        2d7       34%         4
 Fireball                 Conj/Fire      8%         3d6       69%         5
 Yara's Violent Unravell  Hex/Tmut       1%         3d3       99%         5
 Starburst                Conj/Fire      8%         6d4       99%         6
 Enfeeble                 Hex            1%         N/A       100%        7

Inventory:

Hand Weapons
 e - a +3 dagger (weapon)
   (You took it off a kobold on level 1 of the Dungeon)
Missiles
 d - 27 stones
 q - 5 boomerangs
Armour
 a - a +0 robe (worn)
Jewellery
 C - a ring of protection from cold
   (You found it on level 1 of the Dungeon)
 N - a ring of positive energy
   (You found it on level 1 of the Dungeon)
Wands
 p - a wand of polymorph (6)
   (You found it on level 2 of the Dungeon)
Scrolls
 c - 4 scrolls of identify {unknown}
 g - a scroll of torment {unknown}
 k - a scroll of enchant armour {unknown}
 l - a scroll of poison {unknown}
 m - a scroll of teleportation {unknown}
 r - a scroll of fog {unknown}
Potions
 b - a potion of magic
 f - a potion of heal wounds {unknown}
 h - a potion of mutation {unknown}
 i - 2 potions of attraction {unknown}
 j - 2 potions of flight {unknown}
 n - a potion of lignification {unknown}
 o - 2 potions of ambrosia {unknown}
 s - a potion of curing {unknown}

Dungeon Overview and Level Annotations

Branches:
Dungeon (3/15) Zot: 15840

Altars:

Shops:
D:1 ?[

Annotations:
D:2 Terence
D:3 1 runed translucent door, Crazy Yiuf

#########.#.# #..
##......##.#.# ##.
##........#.#.######.
#...)....K..#....K...
#..............######
#...........#### ####
#.....o.....# #...
#...........#### #.##
##..@รท....o....)..
##..o.....#.#####
#...........#
#...........# #####
#...........# #...#
#..........## #...#
#..........# #....
##.........# #...#
##......#.# #...#


You could see an orc wizard, 2 orcs and a kobold.


Message History

You conjure some foxfire!
The orc shouts!
The foxfire hits the orc but does no damage. ๐Ÿ˜Ž MP[-1]
You lost 1 mp, and now have 6/8 mp.
The foxfire hits the orc but does no damage.
An orc comes into view. It is wielding a +0 flail.
A kobold comes into view. It is wielding a +0 whip.
An orc comes into view. It is wielding a +0 hand axe.
An orc comes into view. It is wielding a +0 mace.
The orc shouts!
You hear a shout!
The kobold shouts!
The orc throws a poisoned dart.
The poisoned dart hits you!
You are poisoned.
The orc shouts!
You hear a shout!
Okay, then.
Okay, then.
Hit: e) +3 dagger
Press: ? - help, Dir - move target, f - you
Okay, then.
Aiming: Polymorph
Press: ? - help, Shift-Dir - straight line, f - orc
Aim: an orc, wielding a +0 flail, wearing a +0 chain mail and quivering poisoned darts (will become a ball python, a quokka, or an endoplasm, chance to affect: 66%)
The orc evaporates and reforms as a ball python!
The orc shouts!
You feel sick.
A kobold comes into view. It is wielding a +0 club. ๐Ÿ˜• HP[-2]
You take 2 damage, and now have 22/24 hp.
Casting: Foxfire (safe; 3% risk of failure)
Confirm with . or Enter, or press ? or * to list all spells.
You conjure some foxfire!
You feel sick.
You feel sick.
The foxfire hits the ball python. x2
You kill the ball python!
An orc comes into view. It is wielding a +0 mace. ๐Ÿ˜• HP[-2]
You take 2 damage, and now have 20/24 hp.
Casting: Foxfire (safe; 3% risk of failure)
Confirm with . or Enter, or press ? or * to list all spells.
You conjure some foxfire!
You feel sick.
You feel sick.
The foxfire hits the kobold. x2
You kill the kobold!
An orc wizard comes into view.
It is wielding a +0 dagger. ๐Ÿ˜ฎ HP[-2] MP[-1]
You take 2 damage, and now have 18/24 hp.
You lost 1 mp, and now have 5/8 mp.
Casting: Foxfire (safe; 3% risk of failure)
Confirm with . or Enter, or press ? or * to list all spells.
You conjure some foxfire!
The orc wizard shouts!
You feel sick.
You hear an angry hiss.
The foxfire hits the orc.
You feel sick.
You are no longer poisoned.
The foxfire hits the orc. ๐Ÿ˜ฎ HP[-1] MP[-1]
You take 1 damage, and now have 17/24 hp.
You lost 1 mp, and now have 4/8 mp.
Casting: Foxfire (safe; 3% risk of failure)
Confirm with . or Enter, or press ? or * to list all spells.
You conjure some foxfire!
An adder comes into view.
The orc hits you with a +0 flail!
* * * LOW HITPOINT WARNING * * *
The foxfire hits the orc.
You kill the orc!
The foxfire hits the orc.
You kill the orc!
The orc completely misses you. ๐Ÿ˜จ HP[-7] MP[-1]
You take 7 damage, and now have 10/24 hp.
MASSIVE DAMAGE!! (PAUSE)
You lost 1 mp, and now have 3/8 mp.
The kobold throws a stone.
The stone hits you.
* * * LOW HITPOINT WARNING * * *
๐Ÿ˜จ HP[-1]
You take 1 damage, and now have 9/24 hp. ๐Ÿ˜จ MP[+1] ๐Ÿ˜จ HP[+1] ๐Ÿ˜จ HP[+1]
The orc attacks as you move away!
The orc barely misses you. ๐Ÿ˜จ MP[+1] ๐Ÿ˜จ HP[+1]
The orc attacks as you move away! The orc completely misses you.
The orc attacks as you move away! The orc misses you.
The orc attacks as you move away! The orc misses you. ๐Ÿ˜ฎ HP[+1]
The orc attacks as you move away! The orc hits you with a +0 mace!
* * * LOW HITPOINT WARNING * * *
๐Ÿ˜ฑ HP[-8]
You take 8 damage, and now have 5/24 hp.
MASSIVE DAMAGE!! (PAUSE) ๐Ÿ˜ฑ HP[+1] MP[+1]
The orc attacks as you move away! The orc barely misses you.
The kobold throws a stone.
The stone hits you but does no damage.
You see here a frilled lizard skeleton.
The orc attacks as you move away! The orc barely misses you. ๐Ÿ˜จ HP[+1]
The orc hits you with a +0 mace!
You die...

Skill      XL: |  1  2  3 |
---------------+----------+-----
Conjurations   | 2 3 |  3.3
Fire Magic     | 4 |  4.3
Dodging        | |  2.1
Stealth        | |  2.0
Spellcasting   | |  2.5

Action                   |  1- 3 |  4- 6 || total
-------------------------+-------+-------++-------
Melee: Unarmed           |     5 |       ||     5
       Dagger            |     9 |     4 ||    13
       Kick              |     2 |       ||     2
       Peck              |     4 |     1 ||     5
 Cast: Foxfire           |    80 |    10 ||    90
Evoke: Wand              |       |     1 ||     1
Armor: Robe              |     3 |     1 ||     4
Dodge: Dodged            |    16 |    11 ||    27

Levels and vault maps discovered:
D:1:      roderic_dead_forest, layout_loops_corners, serial_shops, shop, shop
D:2:      layout_loops_cross, basic_ecumenical_altar, uniq_terence
D:3:      layout_rooms, minmay_misc_feat_tower, chequers_serial_rivers_large_b,
          grunt_ministairs_14, uniq_crazy_yiuf_cottage

Notes
Turn   | Place    | Note
-------+----------+-------------------------------------------
     0 | D:1      | kae the Tengu Fire Elementalist began the quest for the
                  | Orb.
     0 | D:1      | Reached XP level 1. HP: 10/10 MP: 4/4
     0 | D:1      | magus.rc [v1.11.3]
   237 | D:1      | Found Ruannoxt's Magic Scroll Boutique.
   318 | D:1      | Reached skill level 2 in Conjurations
   318 | D:1      | Reached XP level 2. HP: 14/15 MP: 6/6
   322 | D:1      | Found Wiwas's Armour Boutique.
  1026 | D:2      | Learned a level 2 spell: Scorch
  1058 | D:2      | Reached XP level 3. HP: 19/19 MP: 4/7
  1313 | D:2      | Found a faded altar of an unknown god.
  1464 | D:2      | Noticed Terence
  1537 | D:2      | Reached skill level 3 in Conjurations
  1537 | D:2      | Reached skill level 4 in Fire Magic
  1644 | D:2      | You pick up a book of Fire and begin reading...
  1644 | D:2      | You add the spells Fireball and Starburst to your library.
  1897 | D:3      | Reached XP level 4. HP: 24/24 MP: 4/8
  2010 | D:3      | Found a runed translucent door.
  2011 | D:3      | Noticed Crazy Yiuf
  2065 | D:3      | You pick up a book of Misfortune and begin reading...
  2065 | D:3      | You add the spells Yara's Violent Unravelling and Enfeeble
                  | to your library.
  2151 | D:3      | HP: 5/24 [orc/+0 mace (8)]
  2160 | D:3      | Slain by an orc

Vanquished Creatures
  2 adders
  3 orcs
  3 endoplasms
  A giant cockroach (D:2)
  4 goblins
  5 hobgoblins
  7 jackals
  5 kobolds
  A quokka (D:1)
  6 ball pythons
  5 bats
  3 frilled lizards
  2 rats
47 creatures vanquished.

Vanquished Creatures (others)
  139 foxfires
139 creatures vanquished.

Grand Total: 186 creatures vanquished

Table legend:
 A = Non-vault XP
 B = Vault XP
 C = Vault XP percentage of total XP
 D = Non-vault monster count
 E = Vault monster count
 F = Vault count percentage of total count
                 A         B        C        D         E       F
            +---------+---------+-------+---------+---------+-------
      Total |     100 |       3 |   2.9 |      45 |       2 |   4.3
            +---------+---------+-------+---------+---------+-------
        D:1 |      32 |       0 |   0.0 |      19 |       0 |   0.0
        D:2 |      42 |       0 |   0.0 |      17 |       0 |   0.0
        D:3 |      26 |       3 |  10.3 |       9 |       2 |  18.2
            +---------+---------+-------+---------+---------+-------

Illustrated notes

Table legend:
 A = Kills in this place as a percentage of kills in entire the game.
 B = Kills by you in this place as a percentage of kills by you in the entire game.
 C = Kills by friends in this place as a percentage of kills by friends in the entire game.
 D = Other kills in this place as a percentage of other kills in the entire game.
 E = Experience gained in this place as a percentage of experience gained in the entire game.
 F = Experience gained in this place divided by the number of levels of this place that you have seen.
                   A       B       C       D       E      F
               +-------+-------+-------+-------+-------+----------------------
         Total | 100.0 | 100.0 |   N/A |   N/A | 100.0 |  34.3
       Dungeon | 100.0 | 100.0 |   N/A |   N/A | 100.0 |  34.3
               +-------+-------+-------+-------+-------+----------------------

Table legend: (Time is in decaauts)
 A = Elapsed time spent in this place.
 B = Non-inter-level travel time spent in this place.
 C = Inter-level travel time spent in this place.
 D = Time resting spent in this place.
 E = Time spent auto-exploring this place.
 F = Levels seen in this place.
 G = Mean time per level.
                   A        B        C        D        E       F      G
               +--------+--------+--------+--------+--------+-----+--------+
         Total |   2159 |   2103 |     56 |     20 |   1757 |   3 |  719.7 |
       Dungeon |   2159 |   2103 |     56 |     20 |   1757 |   3 |  719.7 |
               +--------+--------+--------+--------+--------+-----+--------+

Top non-repeatable levels by time:
     D:1: 1021 daAuts
     D:2: 868 daAuts
     D:3: 268 daAuts
